General information
- name: BNet
- type: Ladder team game (AT/RT)
- host: Battle.net
- saver: TowardlyLion
map: Dragonblight
- players: 6
- length: 31:04
- speed: Fast
- version: 1.24 W3XP
- replay type: Public
» download(259 KB)
Players
team 1 (winner)

»
MATA. (
pink | 127 APM | 3942 actions | 31:03)
5 Beastmaster
3 Summon Hawk
2 Summon Quilbeast
» actions
| Assign group hotkey | 474 | |
| Basic commands | 3 | |
| Build / train | 83 | |
| Enter build submenu | 60 | |
| Enter hero's abilities submenu | 5 | |
| Remove unit from queue | 2 | |
| Right click | 2290 | |
| Select / deselect | 610 | |
| Select group hotkey | 211 | |
| Use ability | 203 | |
3942 total
» units
| Peon | 19 | |
| Troll Batrider | 21 | |
| Wind Rider | 1 | |
41 total
» upgrades
| Spiked Barricades | 1 | |
| Liquid Fire | 1 | |
| Ranged Weapons | 3 | |
| Reinforced Defenses | 1 | |
| Envenomed Spears | 1 | |
| Armor | 1 | |
8 total
» buildings
| Orc Burrow | 7 | |
| Altar of Storms | 3 | |
| War Mill | 2 | |
| Voodoo Lounge | 4 | |
| Watch Tower | 24 | |
| Stronghold | 1 | |
| Beastiary | 4 | |
| Fortress | 2 | |
| Great Hall | 2 | |
49 total
» build order
00:19 Orc Burrow
01:27 Altar of Storms
01:32 War Mill
01:56 Orc Burrow
02:08 Orc Burrow
02:27 Voodoo Lounge
02:47 Watch Tower
03:49 Watch Tower
03:50 Watch Tower
03:52 Watch Tower
04:28 Voodoo Lounge
04:48 Watch Tower
04:51 Watch Tower
05:01 Voodoo Lounge
05:20 Orc Burrow
05:22 Watch Tower
05:50 Watch Tower
05:53 Watch Tower
06:08 Watch Tower
06:30 Watch Tower
06:32 Watch Tower
06:36 Stronghold
07:14 Watch Tower
07:16 Watch Tower
07:18 Watch Tower
09:03 Watch Tower
09:04 Watch Tower
09:04 Watch Tower
09:27 War Mill
09:52 Beastiary
09:53 Beastiary
11:09 Altar of Storms
11:22 Altar of Storms
12:13 Fortress
12:14 Fortress
12:17 Orc Burrow
12:19 Orc Burrow
13:25 Watch Tower
13:30 Great Hall
13:32 Great Hall
17:33 Beastiary
17:34 Beastiary
19:01 Voodoo Lounge
19:19 Orc Burrow
20:06 Watch Tower
20:14 Watch Tower
23:29 Watch Tower
23:31 Watch Tower
23:33 Watch Tower
» items
| Lesser Clarity Potion | 2 | |
| Healing Salve | 4 | |
| Boots of Speed | 1 | |
| Orb of Lightning | 1 | |
| Potion of Healing | 1 | |
9 total
TheTiniestGoku (
teal | 56 APM | 1728 actions | 31:03)
7 Blademaster
3 Wind Walk
3 Critical Strike
1 Bladestorm
» actions
| Assign group hotkey | 12 | |
| Basic commands | 4 | |
| Build / train | 98 | |
| ESC pressed | 3 | |
| Enter build submenu | 51 | |
| Enter hero's abilities submenu | 7 | |
| Give item / drop item | 2 | |
| Right click | 758 | |
| Select / deselect | 215 | |
| Select group hotkey | 407 | |
| Use ability | 171 | |
1728 total
» units
» upgrades
| Spiked Barricades | 1 | |
| Ranged Weapons | 4 | |
| Liquid Fire | 1 | |
| Armor | 2 | |
| Reinforced Defenses | 1 | |
| Envenomed Spears | 1 | |
| War Drums Damage Increase | 1 | |
| Pillage | 1 | |
| Backpack | 1 | |
| Ensnare | 1 | |
14 total
» buildings
| Altar of Storms | 1 | |
| Orc Burrow | 6 | |
| War Mill | 3 | |
| Watch Tower | 32 | |
| Voodoo Lounge | 1 | |
| Stronghold | 4 | |
| Fortress | 4 | |
| Great Hall | 3 | |
| Beastiary | 2 | |
56 total
» build order
00:07 Altar of Storms
00:15 Orc Burrow
00:47 War Mill
01:55 Orc Burrow
02:13 Watch Tower
03:00 Watch Tower
03:17 Watch Tower
04:01 Voodoo Lounge
04:12 Watch Tower
04:14 Watch Tower
04:21 Stronghold
04:21 Stronghold
04:22 Stronghold
05:02 Watch Tower
05:05 Watch Tower
05:23 Watch Tower
06:16 Orc Burrow
06:17 Orc Burrow
06:24 Watch Tower
06:44 Watch Tower
07:02 Fortress
07:02 Fortress
07:03 Fortress
07:17 Watch Tower
08:38 Watch Tower
08:39 Watch Tower
08:41 Watch Tower
09:44 Watch Tower
09:46 Watch Tower
10:13 Great Hall
10:17 Watch Tower
10:19 Watch Tower
12:12 Beastiary
12:14 Beastiary
13:17 Watch Tower
13:37 Watch Tower
14:24 Watch Tower
14:43 Watch Tower
14:45 Watch Tower
15:54 Watch Tower
15:57 Watch Tower
17:19 Watch Tower
18:52 Watch Tower
18:52 Watch Tower
19:57 Watch Tower
20:01 Watch Tower
23:19 War Mill
24:40 War Mill
24:44 Orc Burrow
24:50 Orc Burrow
27:25 Great Hall
27:37 Great Hall
29:05 Watch Tower
30:04 Watch Tower
» items
| Lesser Clarity Potion | 12 | |
| Healing Salve | 5 | |
| Staff of Teleportation | 1 | |
| Boots of Speed | 1 | |
| Potion of Mana | 2 | |
| Orb of Lightning | 1 | |
22 total
TowardlyLion (
red | 155 APM | 4823 actions | 31:04)
5 Archmage
3 Blizzard
2 Brilliance Aura
4 Blood Mage
2 Flame Strike
2 Banish
» actions
| Assign group hotkey | 12 | |
| Basic commands | 6 | |
| Build / train | 134 | |
| Enter build submenu | 65 | |
| Enter hero's abilities submenu | 11 | |
| Give item / drop item | 1 | |
| Remove unit from queue | 2 | |
| Right click | 3309 | |
| Select / deselect | 403 | |
| Select group hotkey | 683 | |
| Use ability | 197 | |
4823 total
» units
| Peasant | 25 | |
| Gryphon Rider | 10 | |
| Priest | 1 | |
36 total
» upgrades
| Masonry | 3 | |
| Magic Sentry | 1 | |
| Lumber Harvesting | 2 | |
| Animal War Training | 1 | |
| Swords | 3 | |
| Priest Training | 1 | |
| Storm Hammers | 1 | |
| Plating | 0 | |
| Armor | 3 | |
15 total
» buildings
| Farm | 9 | |
| Lumber Mill | 1 | |
| Altar of Kings | 1 | |
| Scout Tower | 51 | |
| Arcane Tower | 1 | |
| Guard Tower | 30 | |
| Keep | 1 | |
| Arcane Sanctum | 1 | |
| Castle | 1 | |
| Gryphon Aviary | 2 | |
| Blacksmith | 1 | |
| Barracks | 1 | |
| Arcane Vault | 1 | |
| Town Hall | 1 | |
102 total
» build order
00:27 Farm
00:54 Lumber Mill
01:30 Altar of Kings
01:46 Scout Tower
01:50 Scout Tower
02:03 Farm
02:14 Arcane Tower
02:16 Scout Tower
02:18 Guard Tower
02:22 Scout Tower
02:39 Scout Tower
02:47 Guard Tower
02:52 Scout Tower
02:57 Guard Tower
03:14 Scout Tower
03:17 Guard Tower
03:20 Scout Tower
03:21 Scout Tower
03:40 Guard Tower
03:43 Guard Tower
03:44 Scout Tower
04:02 Guard Tower
04:14 Guard Tower
04:42 Scout Tower
04:43 Scout Tower
04:45 Scout Tower
04:46 Scout Tower
04:48 Scout Tower
04:49 Scout Tower
04:49 Scout Tower
05:09 Guard Tower
05:18 Guard Tower
05:19 Guard Tower
05:40 Guard Tower
05:47 Guard Tower
05:48 Guard Tower
06:21 Guard Tower
06:35 Scout Tower
06:36 Scout Tower
06:50 Scout Tower
06:51 Keep
06:53 Scout Tower
06:57 Scout Tower
06:57 Scout Tower
07:25 Guard Tower
07:52 Scout Tower
08:16 Guard Tower
08:36 Guard Tower
09:05 Guard Tower
09:55 Farm
10:34 Scout Tower
10:41 Scout Tower
10:41 Scout Tower
10:42 Scout Tower
10:42 Scout Tower
11:50 Scout Tower
11:50 Scout Tower
11:52 Scout Tower
11:52 Scout Tower
12:03 Scout Tower
12:04 Scout Tower
12:07 Arcane Sanctum
12:24 Guard Tower
12:27 Scout Tower
12:30 Guard Tower
12:34 Guard Tower
12:35 Scout Tower
12:36 Scout Tower
13:31 Guard Tower
13:44 Castle
14:02 Scout Tower
14:03 Scout Tower
14:30 Scout Tower
14:31 Scout Tower
14:33 Guard Tower
15:03 Guard Tower
15:03 Guard Tower
15:03 Guard Tower
15:10 Guard Tower
15:12 Scout Tower
15:13 Scout Tower
15:42 Guard Tower
18:14 Gryphon Aviary
18:17 Gryphon Aviary
18:18 Blacksmith
18:20 Barracks
18:21 Farm
19:12 Farm
19:13 Farm
19:14 Farm
19:16 Farm
19:17 Farm
19:41 Arcane Vault
26:07 Town Hall
28:07 Scout Tower
28:08 Scout Tower
28:08 Scout Tower
28:09 Scout Tower
28:11 Scout Tower
28:11 Scout Tower
28:12 Scout Tower
» items
| Healing Salve | 6 | |
| Lesser Clarity Potion | 18 | |
| Potion of Mana | 2 | |
| Staff of Sanctuary | 2 | |
| Scroll of Town Portal | 2 | |
| Scroll of Regeneration | 1 | |
31 total
team 2 (loser)

»
Dead- (
orange | 90 APM | 2708 actions | 29:57)
4 Demon Hunter
2 Mana Burn
2 Evasion
» actions
| Assign group hotkey | 8 | |
| Build / train | 63 | |
| Enter build submenu | 30 | |
| Enter hero's abilities submenu | 4 | |
| Remove unit from queue | 5 | |
| Right click | 1794 | |
| Select / deselect | 696 | |
| Select group hotkey | 3 | |
| Use ability | 105 | |
2708 total
» units
| Wisp | 13 | |
| Archer | 1 | |
| Huntress | 4 | |
| Glaive Thrower | 10 | |
| Chimaera | 5 | |
| Hippogryph | 3 | |
36 total
» upgrades
| Vorpal Blades | 1 | |
| Corrosive Breath | 1 | |
2 total
» buildings
| Altar of Elders | 1 | |
| Moon Well | 7 | |
| Ancient of War | 4 | |
| Hunter's Hall | 1 | |
| Tree of Ages | 3 | |
| Tree of Eternity | 4 | |
| Ancient of Wind | 1 | |
| Chimaera Roost | 4 | |
| Tree of Life | 2 | |
| Ancient Protector | 2 | |
29 total
» build order
00:07 Altar of Elders
00:11 Moon Well
00:41 Ancient of War
01:59 Hunter's Hall
03:08 Ancient of War
03:11 Ancient of War
03:13 Moon Well
03:32 Ancient of War
04:22 Moon Well
04:32 Moon Well
04:35 Tree of Ages
04:35 Tree of Ages
09:22 Tree of Eternity
09:23 Tree of Eternity
09:23 Tree of Eternity
09:56 Ancient of Wind
12:10 Chimaera Roost
12:11 Chimaera Roost
12:18 Chimaera Roost
12:19 Chimaera Roost
12:31 Moon Well
14:33 Moon Well
20:29 Moon Well
24:08 Tree of Life
24:38 Tree of Life
24:43 Ancient Protector
24:46 Ancient Protector
» items
| Potion of Healing | 2 | |
| Potion of Mana | 1 | |
| Scroll of Town Portal | 1 | |
| Potion of Lesser Invulnerability | 2 | |
| Boots of Speed | 1 | |
7 total

»
ToTaLNewB911 (
blue | 86 APM | 2666 actions | 31:02)
3 Archmage
1 Summon Water Elemental
2 Blizzard
2 Blood Mage
1 Flame Strike
1 Banish
» actions
| Assign group hotkey | 120 | |
| Basic commands | 81 | |
| Build / train | 119 | |
| ESC pressed | 3 | |
| Enter build submenu | 48 | |
| Enter hero's abilities submenu | 5 | |
| Give item / drop item | 1 | |
| Right click | 1360 | |
| Select / deselect | 570 | |
| Select group hotkey | 172 | |
| Use ability | 187 | |
2666 total
» units
| Peasant | 18 | |
| Footman | 1 | |
| Rifleman | 5 | |
| Dragonhawk Rider | 10 | |
| Gryphon Rider | 2 | |
36 total
» upgrades
» buildings
| Altar of Kings | 1 | |
| Farm | 8 | |
| Barracks | 1 | |
| Blacksmith | 1 | |
| Lumber Mill | 1 | |
| Scout Tower | 27 | |
| Arcane Tower | 15 | |
| Keep | 1 | |
| Guard Tower | 45 | |
| Arcane Vault | 1 | |
| Castle | 3 | |
| Gryphon Aviary | 3 | |
107 total
» build order
00:24 Altar of Kings
00:40 Farm
01:16 Barracks
02:04 Farm
02:06 Blacksmith
02:53 Farm
03:25 Farm
04:25 Lumber Mill
04:30 Scout Tower
04:44 Scout Tower
04:46 Arcane Tower
04:46 Arcane Tower
04:46 Arcane Tower
04:47 Scout Tower
05:09 Keep
05:14 Scout Tower
05:27 Guard Tower
05:27 Guard Tower
05:38 Guard Tower
05:38 Guard Tower
05:38 Guard Tower
05:39 Guard Tower
05:39 Guard Tower
05:39 Guard Tower
05:44 Scout Tower
05:57 Farm
05:59 Farm
06:12 Arcane Vault
06:14 Guard Tower
06:17 Arcane Tower
06:17 Arcane Tower
06:17 Arcane Tower
06:42 Farm
07:23 Scout Tower
07:49 Castle
07:50 Castle
07:59 Arcane Tower
07:59 Arcane Tower
07:59 Arcane Tower
09:00 Gryphon Aviary
09:02 Gryphon Aviary
10:44 Farm
11:06 Scout Tower
11:14 Scout Tower
11:33 Guard Tower
11:34 Guard Tower
11:36 Scout Tower
12:26 Guard Tower
12:27 Guard Tower
12:28 Scout Tower
12:44 Arcane Tower
12:44 Arcane Tower
13:22 Scout Tower
13:25 Scout Tower
13:27 Scout Tower
13:35 Scout Tower
13:42 Guard Tower
13:42 Guard Tower
14:03 Guard Tower
14:05 Scout Tower
14:11 Scout Tower
14:17 Scout Tower
14:24 Guard Tower
14:24 Guard Tower
14:34 Guard Tower
14:34 Guard Tower
14:37 Guard Tower
14:37 Guard Tower
14:47 Scout Tower
15:04 Guard Tower
15:05 Guard Tower
15:12 Gryphon Aviary
18:43 Scout Tower
18:44 Scout Tower
18:45 Scout Tower
19:23 Guard Tower
19:23 Guard Tower
19:25 Scout Tower
19:52 Scout Tower
19:53 Scout Tower
20:01 Guard Tower
20:01 Guard Tower
20:02 Scout Tower
20:10 Guard Tower
20:11 Scout Tower
20:36 Guard Tower
20:37 Guard Tower
20:37 Guard Tower
20:38 Scout Tower
20:41 Guard Tower
20:41 Guard Tower
20:41 Guard Tower
21:05 Guard Tower
» items
| Scroll of Regeneration | 3 | |
| Lesser Clarity Potion | 2 | |
| Scroll of Town Portal | 1 | |
6 total
Yeahyeahyeahhhh (
yellow | 51 APM | 1529 actions | 30:16)
4 Blademaster
2 Wind Walk
2 Critical Strike
3 Shadow Hunter
2 Hex
1 Healing Wave
» actions
| Assign group hotkey | 10 | |
| Basic commands | 148 | |
| Build / train | 61 | |
| ESC pressed | 2 | |
| Enter build submenu | 22 | |
| Enter hero's abilities submenu | 7 | |
| Right click | 500 | |
| Select / deselect | 637 | |
| Select group hotkey | 24 | |
| Use ability | 118 | |
1529 total
» units
| Peon | 13 | |
| Grunt | 6 | |
| Demolisher | 6 | |
| Troll Witch Doctor | 7 | |
| Spirit Walker | 1 | |
| Troll Batrider | 4 | |
37 total
» upgrades
| Berserker Strength | 1 | |
| Armor | 1 | |
| Ranged Weapons | 2 | |
| Witch Doctor Training | 2 | |
| Spirit Walker Training | 1 | |
| Burning Oil | 1 | |
8 total
» buildings
| Altar of Storms | 1 | |
| Orc Burrow | 6 | |
| Barracks | 2 | |
| War Mill | 1 | |
| Stronghold | 2 | |
| Voodoo Lounge | 2 | |
| Watch Tower | 5 | |
| Spirit Lodge | 1 | |
| Fortress | 1 | |
| Great Hall | 1 | |
| Beastiary | 2 | |
24 total
» build order
00:13 Altar of Storms
00:25 Orc Burrow
00:59 Barracks
01:25 War Mill
02:08 Orc Burrow
03:42 Stronghold
03:53 Voodoo Lounge
03:58 Orc Burrow
05:04 Barracks
06:10 Orc Burrow
07:07 Watch Tower
07:09 Watch Tower
08:31 Spirit Lodge
09:06 Voodoo Lounge
09:29 Orc Burrow
11:41 Fortress
12:52 Orc Burrow
16:20 Watch Tower
16:26 Watch Tower
18:12 Great Hall
18:58 Watch Tower
22:48 Stronghold
25:18 Beastiary
25:23 Beastiary
» items
| Lesser Clarity Potion | 1 | |
| Healing Salve | 1 | |
| Orb of Lightning | 1 | |
| Staff of Teleportation | 1 | |
4 total
Chat log
(04:49 / All) TheTiniestGoku: What if I want to have sex with her, but she doesn't want to have sex with me?
(04:49 / All) TheTiniestGoku: That way when she comes back from brushing her teeth or whatever,
(05:51 / All) TowardlyLion: your hunt
(08:41 / All) Dead-: WTF
(09:13 / All) TheTiniestGoku: -0
(22:13 / All) Dead-: GG?
(22:36 / All) Dead-: it was a valid attempt
(22:38 / All) Dead-: ill give u that
(25:01 / All) MATA.: say gg again
(25:03 / All) MATA.: but this time
(25:04 / All) TheTiniestGoku: GG
(25:04 / All) MATA.: leave also
(25:05 / All) MATA.: ty
(25:22 / All) Dead-: why the shit talk lol
(25:25 / All) TheTiniestGoku: 8) Blame Icefrog
(25:33 / All) Yeahyeahyeahhhh: nice macro geek
(25:45 / All) MATA.: cuz sometimes noobs need to be taught
(25:56 / All) MATA.: some manners
(25:59 / All) Dead-: taught what
(26:04 / All) Dead-: that noobs can tower?
(26:10 / All) MATA.: taught to read apparently*
(26:11 / All) TowardlyLion: clan towa
(26:16 / All) Dead-: clan towa?
(26:17 / All) Dead-: lol
(26:20 / All) Dead-: wow
(26:21 / All) Dead-: your awesome
(26:30 / All) Dead-: YU MUST BE IN CLAN TOWA RIGHT
(26:30 / All) Dead-: LOL
(27:03 / Allies) MATA.: i want xp
(27:05 / Allies) MATA.: ~~~~
(27:59 / Allies) MATA.: drag 4 sale
(29:06 / Allies) MATA.: im b'ing r t
(29:50 / All) ToTaLNewB911: gj noob
(29:55 / All) MATA.: u mad ?
(29:59 / All) ToTaLNewB911: no
(30:19 / All) TheTiniestGoku: 2ez nubs
(30:21 / All) TowardlyLion: shitbirds
(30:24 / All) TowardlyLion: orcface
(30:26 / All) ToTaLNewB911: lol
(30:31 / All) TowardlyLion: what next
(30:35 / All) TowardlyLion: a staggering defeat?
(30:35 / All) ToTaLNewB911: stupid wannabe kodos forsaken
(30:36 / All) TowardlyLion: of course
(30:38 / All) TowardlyLion: heh
(30:40 / All) TowardlyLion: heh.
(30:46 / All) TowardlyLion: kodos forsaken is wannabe me
(30:54 / All) ToTaLNewB911: lol fucking noob
(31:00 / All) TowardlyLion: i'm BEAR_AND, bow please